 Dungeon Crawl Stone Soup version 0.21.1-1-g345015f (webtiles) character file.

767 letownia2 the Conjurer (level 7, -2/38 HPs)
             Began as a Tengu Wizard on Mar 2, 2018.
             Was a Follower of Sif Muna.
             Slain by Psyche
             ... wielding a +4 dagger of chaos
              (9 damage)
             ... while paralysed by Psyche
             ... on level 8 of the Dungeon.
             The game lasted 00:13:45 (1969 turns).

letownia2 the Conjurer (Tengu Wizard)               Turns: 1969, Time: 00:13:46

Health: -2/38      AC:  7    Str:  7    XL:     7   Next: 82%
Magic:  5/15       EV:  2    Int: 21    God:    Sif Muna [*.....]
Gold:   165        SH:  0    Dex: 12    Spells: 4/15 levels left

rFire    . . .     SeeInvis .   a - +1 dagger (speed)
rCold    . . .     Gourm    .   (no shield)
rNeg     . . .     Faith    .   m - +0 leather armour
rPois    .         Spirit   .   b - +0 hat
rElec    .         Reflect  .   g - +1 cloak
rCorr    .         Harm     .   f - +1 pair of gloves
MR       .....                  (boots unavailable)
Stlth    ++........             (no amulet)
HPRegen  0.12/turn              q - ring of flight
MPRegen  0.14/turn              (no ring)

@: paralysed, very slightly contaminated
A: beak, talons 3, able to fly 1
a: Fly, Divine Energy, Renounce Religion, Evoke Flight


You were on level 8 of the Dungeon.
You worshipped Sif Muna.
Sif Muna was aware of your devotion.
You were hungry.

You visited 2 branches of the dungeon, and saw 9 of its levels.

You collected 165 gold pieces.

Inventory:

Hand Weapons
 a - a +1 dagger of speed (weapon)
 h - a +0 falchion
 o - a +0 flail
 r - a cursed -3 whip
Missiles
 x - 3 tomahawks (quivered)
Armour
 b - a +0 hat (worn)
 f - a +1 pair of gloves (worn)
 g - a +1 cloak (worn)
 i - a +0 ring mail
 m - a +0 leather armour (worn)
 w - a +0 robe
Jewellery
 q - a ring of flight (left hand)
Scrolls
 e - a scroll of enchant weapon
 n - a scroll of identify
Potions
 k - a potion of flight
 p - a potion of brilliance {unknown}
 s - a potion of might
 t - a potion of ambrosia {unknown}
 v - a potion of curing
Books
 c - a book of Minor Magic

   Spells                             Type                      Level
   a - Magic Dart                     Conjuration                  1
   b - Blink                          Translocation                2
   c - Call Imp                       Summoning                    2
   d - Slow                           Hexes                        2
   e - Conjure Flame                  Conjuration/Fire             3
   f - Mephitic Cloud                 Conjuration/Poison/Air       3
Comestibles
 d - 5 rations
 l - 2 chunks of flesh


   Skills:
 - Level 1.4 Fighting
 - Level 1.5 Armour
 - Level 3.0 Dodging
 - Level 2.0 Stealth
 + Level 4.6 Spellcasting
 + Level 7.5 Conjurations
 - Level 1.2 Summonings
 - Level 0.7 Translocations
 - Level 1.9 Fire Magic
 - Level 3.2 Air Magic


You had 4 spell levels left.
You knew the following spells:

 Your Spells              Type           Power        Failure   Level  Hunger
a - Magic Dart            Conj           ####         1%          1    None
b - Blink                 Tloc           N/A          19%         2    #......
c - Conjure Flame         Conj/Fire      ###.....     7%          3    ##.....
e - Mephitic Cloud        Conj/Pois/Air  ###.....     11%         3    ##.....
i - Call Imp              Summ           ##......     16%         2    #......


Dungeon Overview and Level Annotations

Branches:
Dungeon (8/15)             Temple (1/1) D:4
   Lair: D:8-11

Altars:
Ashenzari
Cheibriados
Dithmenos
Fedhas
Kikubaaqudgha
Makhleb
Okawaru
Ru
Sif Muna
Vehumet
Wu Jian
Yredelemnul
Zin
The Shining One

Annotations:
D:8 Psyche


Innate Abilities, Weirdness & Mutations

You have a beak for a mouth.
You have claws for feet.
You can fly.


Message History

2 orcs come into view.
There is an open door here.
Unknown command.
Unknown command.
It was a potion of curing.
You feel better.
Psyche mumbles some strange words.
Psyche seems to speed up.
The quokka barely misses you.
Okay, then.
As you read the scroll labeled JUMUVA WELUQ, it crumbles to dust.
It is a scroll of enchant weapon.
Your +0 dagger of speed glows red for a moment.
The quokka closely misses you.
You see here a glowing emerald potion.
Psyche cries, "You've killed my pet!"
The phantom blinks!
Psyche hits you but does no damage.
You suddenly lose the ability to move!
Psyche hits you with a dagger of chaos.
* * * LOW HITPOINT WARNING * * *
Psyche hits you with a dagger of chaos!
You die...

#........# #........# ....
#######...(....# ...########+##
........#########...#..........
........#...........#..........
........'W...W......#..........
........#..r........#..........
........#...........#......<...
...[:...#..ยง!@@.....+..........
........#..##..####.#..........
##.....##..##+## ##+########
#.....#...# #.o.o.#...# #...#
+...#


You could see Psyche, a phantom, a hungry ghost and a quokka.

Vanquished Creatures
  A hippogriff (D:7)
  A sky beast (D:6)
  An ogre (D:4)
  A bullfrog (D:6)
  2 scorpions (D:6)
  2 hounds
  An orc wizard (D:6)
  2 worker ants
  A hound zombie (D:6)
  A hound skeleton (D:3)
  A howler monkey zombie (D:6)
  A worker ant zombie (D:6)
  2 adders
  A shadow imp (D:5)
  A worm (D:4)
  A dart slug (D:3)
  3 leopard geckos
  13 orcs
  6 bats
  3 giant cockroaches
  2 hobgoblins
  3 jackals (D:3)
  5 kobolds
  A quokka (D:6)
  A frilled lizard (D:3)
  3 goblins
  A leopard gecko skeleton (D:4)
  2 rats
63 creatures vanquished.

Notes
Turn   | Place    | Note
-------+----------+-------------------------------------------
     0 | D:1      | letownia2 the Tengu Wizard began the quest for the Orb.
     0 | D:1      | Reached XP level 1. HP: 10/10 MP: 5/5
    78 | D:1      | Reached skill level 2 in Conjurations
   136 | D:1      | Reached XP level 2. HP: 4/15 MP: 0/7
   196 | D:1      | Learned a level 2 spell: Call Imp
   202 | D:2      | Reached skill level 3 in Conjurations
   419 | D:3      | Found a shattered altar of Ashenzari.
   428 | D:3      | Reached XP level 3. HP: 13/19 MP: 0/8
   435 | D:3      | Reached skill level 4 in Conjurations
   452 | D:3      | Learned a level 3 spell: Mephitic Cloud
   551 | D:3      | Reached skill level 1 in Air Magic
   758 | D:4      | Noticed an ogre
   793 | D:4      | Killed an ogre
   793 | D:4      | Reached skill level 5 in Conjurations
   793 | D:4      | Reached XP level 4. HP: 22/24 MP: 0/9
   793 | D:4      | Gained mutation: You can fly. [Tengu growth]
   793 | D:4      | Reached XP level 5. HP: 26/28 MP: 0/10
   798 | D:4      | Learned a level 3 spell: Conjure Flame
   843 | D:4      | Noticed a phantom
   959 | D:4      | Found a staircase to the Ecumenical Temple.
   991 | Temple   | Entered the Ecumenical Temple
   999 | Temple   | Became a worshipper of Sif Muna the Loreminder
  1076 | D:4      | Reached skill level 6 in Conjurations
  1175 | D:5      | Entered Level 5 of the Dungeon
  1179 | D:5      | Noticed a centaur
  1282 | D:5      | Found a burning altar of Makhleb.
  1328 | D:6      | Reached skill level 1 in Armour
  1328 | D:6      | Reached skill level 1 in Fire Magic
  1328 | D:6      | Reached XP level 6. HP: 28/33 MP: 2/11
  1363 | D:7      | Noticed an orc warrior
  1391 | D:6      | Reached skill level 1 in Fighting
  1476 | D:6      | Noticed a sky beast
  1650 | D:6      | Learned a level 2 spell: Blink
  1700 | D:6      | Reached XP level 7. HP: 26/38 MP: 0/13
  1771 | D:6      | Reached * piety under Sif Muna
  1790 | D:7      | Noticed a hippogriff
  1797 | D:7      | Killed a hippogriff
  1797 | D:7      | Reached skill level 7 in Conjurations
  1912 | D:8      | Noticed a two-headed ogre
  1941 | D:8      | Noticed Psyche
  1941 | D:8      | Noticed a hungry ghost
  1968 | D:8      | Paralysed by Psyche for 6 turns
  1969 | D:8      | Slain by Psyche

Skill      XL: |  1  2  3  4  5  6  7 |
---------------+----------------------+-----
Conjurations   | 2 3 5 6 7 |  7.5
Air Magic      | 3 |  3.2
Armour         | 1 |  1.5
Fire Magic     | 1 |  1.9
Fighting       | 1 |  1.4
Dodging        | 3 |  3.0
Spellcasting   | 4 |  4.6
Stealth        | |  2.0
Summonings     | |  1.2
Translocations | |  0.7

Action                   |  1- 3 |  4- 6 |  7- 9 || total
-------------------------+-------+-------+-------++-------
Melee: Unarmed           |     8 |       |       ||     8
       Peck              |     6 |     2 |     1 ||     9
       Kick              |     2 |    12 |     2 ||    16
       Whip              |    17 |    47 |       ||    64
       Dagger            |       |    14 |     4 ||    18
Throw: Tomahawk          |       |     4 |     1 ||     5
       Javelin           |       |       |     9 ||     9
 Cast: Magic Dart        |    68 |    57 |     3 ||   128
       Mephitic Cloud    |     1 |     7 |     3 ||    11
       Call Imp          |       |     3 |       ||     3
       Conjure Flame     |       |     2 |     2 ||     4
       Blink             |       |       |     1 ||     1
 Abil: Fly               |       |     1 |       ||     1
  Use: Scroll            |     2 |     5 |     3 ||    10
       Potion            |       |     1 |     1 ||     2
 Stab: Confused          |     2 |     3 |       ||     5
  Eat: Chunk             |       |     4 |     1 ||     5
Armor: Robe              |    17 |       |       ||    17
       Leather armour    |       |    24 |     5 ||    29
Dodge: Dodged            |    38 |    42 |    15 ||    95
